Cogmind - Beta 14 @@@ ROGUE MODE // 2024.12.16 @ 23:26:25 Player: Darsidian Result: Destroyed by G-47 Trooper with Particle Gun Performance ------------- Evolutions (2) 1000 Regions Visited (10) 2000 Robots Destroyed (182) 910 Value Destroyed (5266) 5266 Prototype IDs (32) 640 Alien Tech Used (0) 0 Bonus (1693) 1693 TOTAL SCORE: 11509 Bonus ------- High Alert Combat Kills 732 Follower Combat Kills 35 Entered Garrisons 400 Used RIF Installer 500 Aligned with FarCom 300 Friendly Fire -274 Cogmind --------- Core Integrity 0/550 Matter 189/300 Energy 110/265 System Corruption 4% Temperature Cool (11) Movement Rolling (145) Ox4 Location -8/Garrison Parts ------- > --- POWER (1) -------- Improved Ion Engine > --- PROPULSION (3) --- Wheel Armored Wheel > --- UTILITY (5) ------ Huge Storage Unit Core Analyzer Relay Coupler [NC] (12) Relay Coupler [Sentry] (9) Mini Drone Bay (1/3) > --- WEAPON (2) ------- Enhanced Gauss Cannon Shock Bomb Launcher > --- INVENTORY (25) --- Improved Ion Engine Heavy Treads Wheel Advanced Heat Sink Superbattery (1500) Improved Signal Interpreter Improved Terrain Scanner Advanced Targeting Computer Armor Integrity Analyzer ECM Suite Light Armor Plating Hardened Heavy Armor Plating Relay Coupler [NC] (32) Relay Coupler [Swarmer] (40) Relay Coupler [Hunter] (17) Advanced Trap Extractor (0/8) Precision Beam Rifle Heavy Particle Cannon Heavy Assault Rifle Rocket Launcher Datajack Spear Peak State ------------ > --- POWER ------------ Light Nuclear Core > --- PROPULSION ------- Advanced Treads Heavy Treads > --- UTILITY ---------- Improved Heat Sink Huge Storage Unit Core Analyzer Advanced Hacking Suite Relay Coupler [Sentry] > --- WEAPON ----------- Precision Beam Rifle Enhanced Gauss Cannon > --- INVENTORY -------- Improved Ion Engine Reinforced Ion Engine Armored Wheel Superbattery Medium Matter Pod Improved Signal Interpreter Improved Terrain Scanner Advanced Targeting Computer Armor Integrity Analyzer ECM Suite Light Armor Plating Hardened Heavy Armor Plating Relay Coupler [NC] Relay Coupler [NC] Relay Coupler [Swarmer] Relay Coupler [Hunter] Advanced Trap Extractor Mini Drone Bay Precision Beam Rifle Advanced Beam Rifle Heavy Particle Cannon Rocket Launcher Datajack Spear [Rating: 54] Favorites ----------- Power Nuclear Core Engine Ion Engine Power Core Nuclear Core Propulsion Advanced Treads Treads Advanced Treads Wheel Armored Wheel Utility Huge Storage Unit Device Improved Heat Sink Storage Huge Storage Unit Processor Core Analyzer Hackware Hacking Suite Protection Improved Light Armor Plating Weapon Precision Beam Rifle Energy Gun Precision Beam Rifle Energy Cannon Particle Cannon Ballistic Gun Improved Assault Rifle Ballistic Cannon Improved Light Cannon Launcher Grenade Launcher Slashing Weapon Katana Piercing Weapon Spear Special Melee Weapon Datajack Build | -11 -10 -10 -9 -9 -9 -8 -8 -8 -8 -8 ------- Run | Yrd Mat Min Mat Min Exi Min Mat Gar Mat Gar Slots Evolved 4 | . . . 2 . . . 2 . . . Power . | . . . . . . . . . . . Propulsion 1 | . . . 1 . . . . . . . Utility 3 | . . . 1 . . . 2 . . . Weapon . | . . . . . . . . . . . Parts Attached 180 | 7 15 1 46 5 1 1 44 29 27 4 Power 19 | 1 3 . 8 . . . 1 2 3 1 Engine 13 | 1 2 . 7 . . . . 1 1 1 Core 6 | . 1 . 1 . . . 1 1 2 . Reactor . | . . . . . . . . . . . Propulsion 38 | 2 3 . 8 2 . . 14 4 5 . Treads 14 | 2 1 . 2 . . . 5 4 . . Leg . | . . . . . . . . . . . Wheel 24 | . 2 . 6 2 . . 9 . 5 . Hover . | . . . . . . . . . . . Flight . | . . . . . . . . . . . Utility 35 | 2 4 . 9 1 . 1 8 4 5 1 Device 12 | 1 . . 5 . . . 3 . 2 1 Storage 5 | 1 2 . 1 . . . 1 . . . Processor 7 | . 2 . 2 1 . . 2 . . . Hackware 4 | . . . . . . . 1 1 2 . Protection 7 | . . . 1 . . 1 1 3 1 . Artifact . | . . . . . . . . . . . Weapon 88 | 2 5 1 21 2 1 . 21 19 14 2 Energy Gun 33 | . 2 . 5 . . . 8 10 8 . Energy Cannon 10 | . 1 . 3 . 1 . 4 . 1 . Ballistic Gun 9 | 2 . . 5 1 . . 1 . . . Ballistic Cannon 7 | . 1 . 4 . . . . . 1 1 Launcher 18 | . 1 1 2 1 . . 5 6 1 1 Special Weapon . | . . . . . . . . . . . Impact Weapon . | . . . . . . . . . . . Slashing Weapon 1 | . . . 1 . . . . . . . Piercing Weapon 4 | . . . . . . . . 3 1 . Special Melee Weapon 6 | . . . 1 . . . 3 . 2 . Unidentified Prototypes 3 | . . . 1 . . . 2 . . . Parts Lost 23 | . 3 . 3 . . 1 5 5 4 2 Power 3 | . . . 1 . . . . 1 . 1 Propulsion 8 | . . . 1 . . . 3 2 1 1 Utility 6 | . 1 . . . . 1 2 1 1 . Weapon 6 | . 2 . 1 . . . . 1 2 . Highest Loss Streak 4 | . 1 . 1 . . 1 2 2 4 1 To Critical Strikes . | . . . . . . . . . . . Average Slot Usage (%) 95 | . 99 100 97 100 100 88 98 93 86 97 Engine 4 | . 11 14 8 . . . . 2 5 2 Core 5 | . 2 . . 11 11 11 9 6 3 4 Treads 13 | . 14 . 7 1 . . 8 22 15 . Wheel 12 | . 13 28 24 31 33 33 17 . 2 27 Device 8 | . 3 . 8 6 . . 12 9 12 9 Storage 10 | . 14 14 11 11 11 11 9 9 9 9 Processor 11 | . 10 14 13 15 22 1 13 9 9 9 Hackware 5 | . . . . . . . 6 9 11 18 Protection 3 | . . . . . . 10 2 8 . . Energy Gun 9 | . 3 14 2 . . . 13 16 13 2 Energy Cannon 3 | . 6 14 6 . 4 11 2 . 1 7 Ballistic Gun 5 | . 17 . 5 21 17 11 1 . . . Ballistic Cannon 1 | . . . 6 . . . . . . 6 Peak Build Rating 54 | 7 11 11 20 20 19 19 39 52 54 40 Average Rating 29 | 5 9 11 16 19 18 17 30 42 46 38 On Entrance 20 | . 7 11 11 20 19 19 17 39 47 37 Naked Turns . | . . . . . . . . . . . Heaviest Build 104 | 13 21 21 38 35 34 37 95 98 97 104 Greatest Support 92 | 40 40 24 40 44 44 44 66 92 92 32 Greatest Overweight (x) 7 | 2 1 . 3 2 . . 4 1 7 3 Average Overweight (x) . | . . . . . . . 1 . 1 2 Largest Inventory Capacity 25 | 8 10 10 15 15 15 15 25 25 25 25 Average Capacity 19 | 7 8 10 13 15 15 15 21 25 25 25 Most Carried 25 | 2 10 10 15 15 15 15 22 25 25 24 Average Carried 16 | . 8 10 11 14 14 14 17 21 24 24 Final Capacity 25 | 8 10 10 15 15 15 15 25 25 25 25 Final Carried 24 | 2 10 10 15 15 15 15 20 24 24 24 Class Distribution -------------------- 77% | Mutant 16% | Bothacker-Mutant 5% | Skirmisher Dominant Class ---------------- Mutant | -10/Materials Mutant | -10/Mines Mutant | -9/Materials Mutant | -9/Mines Mutant | -9/Exiles Mutant | -8/Mines Mutant | -8/Materials Mutant | -8/Garrison Bothacker-Mutant | -8/Materials Bothacker-Mutant | -8/Garrison Resources | -11 -10 -10 -9 -9 -9 -8 -8 -8 -8 -8 ----------- Run | Yrd Mat Min Mat Min Exi Min Mat Gar Mat Gar Matter Collected 3716 | 308 861 . 867 211 . 79 536 450 386 18 Remotely 217 | 155 62 . . . . . . . . . Salvage Created 5706 | 125 882 6 1169 324 . 261 985 1230 698 26 Parts 381 | 10 63 . 93 18 . 10 74 74 33 6 Haulers Intercepted 9 | . 2 . 4 . . . 3 . . . Recyclers Shooed 6 | . 1 . 1 1 . . 2 . 1 . Parts Field Recycled . | . . . . . . . . . . . Retrieved Matter . | . . . . . . . . . . . Parts Self-Destructed . | . . . . . . . . . . . Prevented . | . . . . . . . . . . . Kills | -11 -10 -10 -9 -9 -9 -8 -8 -8 -8 -8 ------- Run | Yrd Mat Min Mat Min Exi Min Mat Gar Mat Gar Combat Hostiles Destroyed 119 | . 16 2 23 5 . 3 18 36 15 1 Guns 69 | . 14 . 6 4 . 1 7 28 9 . Cannons 24 | . 2 . 16 . . 2 . . 3 1 AOE 24 | . . 2 . 1 . . 11 7 3 . Classes Destroyed 19 | 2 7 1 3 . . . 1 3 . 2 Worker 15 | . 2 . 2 1 . . 7 . 3 . Builder 9 | . 2 . 2 . . . 4 . 1 . Tunneler 6 | 3 . . . . . 1 . . 2 . Hauler 9 | . 2 . 4 . . . 3 . . . Recycler 9 | 1 1 . . 2 . 1 3 . 1 . Operator 3 | . 2 . . . . . 1 . . . Drone 1 | . . . . . . . . . . 1 Watcher 13 | . 3 . 5 . . . 3 . 2 . Swarmer 34 | . 3 . 3 3 . . 10 10 5 . Cutter 3 | . . . . . . . . 3 . . Grunt 52 | . 13 . 10 2 . 2 6 11 8 . Brawler 4 | . . . 1 . . 1 . 2 . . Duelist 3 | . . . 2 . . . . . 1 . Protector 1 | . . . . . . . . . . 1 Sentry 14 | . . . 7 . . . 1 5 1 . Specialist 1 | . . . . . . . . 1 . . Hunter 3 | . . . . . . . 1 1 . 1 Programmer 3 | . . . . . . . . 3 . . Assembled 2 | . . 2 . . . . . . . . Best Kill Streak 10 | 2 8 2 6 5 . 2 5 4 10 1 Combat Bots Only 7 | . 3 2 6 2 . 1 4 4 7 1 Max Kills in Single Turn 4 | 1 2 2 1 1 . 1 3 3 4 1 Gunslinging . | . . . . . . . . . . . Exploded 3 | . . 2 . 1 . . 2 3 2 . Melee . | . . . . . . . . . . . Uniques/NPCs Destroyed . | . . . . . . . . . . . Combat | -11 -10 -10 -9 -9 -9 -8 -8 -8 -8 -8 -------- Run | Yrd Mat Min Mat Min Exi Min Mat Gar Mat Gar Hostile Shots Fired 520 | . 81 1 106 6 . 23 40 158 90 15 Missed 133 | . 14 . 22 1 . 9 10 52 22 3 Damage Taken 5709 | . 774 32 1319 64 . 237 436 1403 1272 172 Core 849 | . 136 . 110 29 . 18 72 152 318 14 Absorbed by Shields 36 | . . . . . . . . . 15 21 Regen/Repaired (Parts) 136 | . 19 . 18 . . . 99 . . . Core Remaining (%) 68 | 100 . 45 . . . 60 . . . . Volleys Fired 445 | 10 78 1 106 16 . 19 53 98 51 13 Largest 2 | 2 2 1 2 2 . 2 2 2 2 1 Hottest 143 | 40 116 30 130 46 . 91 143 122 136 57 Shots Fired 827 | 20 150 1 205 30 . 37 94 184 91 15 Gun 558 | 20 128 . 62 28 . 19 68 172 61 . Cannon 227 | . 20 . 136 . . 18 13 . 28 12 Launcher 42 | . 2 1 7 2 . . 13 12 2 3 Special . | . . . . . . . . . . . Kinetic 313 | 20 126 . 99 28 . 19 1 . 8 12 Thermal 472 | . 22 . 99 . . 18 80 172 81 . Explosive 37 | . 2 1 7 . . . 13 12 2 . Electromagnetic 5 | . . . . 2 . . . . . 3 Robot Hit Streak 27 | 5 11 . 15 11 . 9 25 27 9 2 Robot Miss Streak 7 | 3 5 . 7 1 . 3 2 2 2 3 Penetration Max . | . . . . . . . . . . . Secondary Targets 4 | . . . . . . . . 4 . . Max Gunslinging Chain 1 | . . . . . . . . 1 . . Shots Hit Robots 539 | 10 96 . 146 19 . 28 63 104 67 6 Core Hits 291 | 5 43 5 66 11 . 8 55 57 36 5 Critical Kills 1 | . . . . . . . 1 . . . Critical Parts Destroyed 1 | . 1 . . . . . . . . . Critical Strikes 23 | . 1 . 4 . . . 2 12 3 1 Burn 19 | . . . 3 . . . 1 12 3 . Meltdown 1 | . . . . . . . 1 . . . Destroy 1 | . 1 . . . . . . . . . Blast 2 | . . . 1 . . . . . . 1 Melee Attacks 28 | . . . 4 . . . 5 8 11 . Impact . | . . . . . . . . . . . Slashing 2 | . . . 2 . . . . . . . Piercing 15 | . . . . . . . . 8 7 . Sneak Attacks 11 | . . . 3 . . . 5 . 3 . Combat Hostiles . | . . . . . . . . . . . Follow-up Attacks . | . . . . . . . . . . . Damage Inflicted 12145 | 131 1407 72 2899 331 . 485 2180 2402 1960 278 Guns 6045 | 131 1072 . 746 279 . 236 879 1947 755 . Cannons 3221 | . 222 . 1784 . . 249 258 . 513 195 Explosions 2606 | . 113 72 237 52 . . 1043 455 551 83 Melee 273 | . . . 132 . . . . . 141 . Ramming . | . . . . . . . . . . . Kinetic 3551 | 131 1092 . 1390 279 . 236 15 . 213 195 Thermal 5869 | . 202 . 1140 . . 249 1122 1947 1209 . Explosive 2307 | . 113 72 227 . . . 1043 455 397 . Electromagnetic 145 | . . . 10 52 . . . . . 83 Impact . | . . . . . . . . . . . Slashing 132 | . . . 132 . . . . . . . Piercing 141 | . . . . . . . . . 141 . Highest Corruption 4 | . 2 2 . . . 1 1 3 3 4 Average Corruption 1 | . 2 2 . . . 1 1 1 3 3 Corruption Purged . | . . . . . . . . . . . Corruption Blocked . | . . . . . . . . . . . Effects 88 | . 21 . . . . 1 11 22 30 3 Message Errors 22 | . 7 . . . . . 3 5 7 . Matter Fused 17 | . 5 . . . . 1 1 4 6 . Heat Flow Errors 11 | . 2 . . . . . . 4 4 1 Energy Discharges 13 | . 4 . . . . . 3 1 5 . Parts Rejected 1 | . . . . . . . . . 1 . Data Loss (minor) 12 | . 2 . . . . . 2 6 2 . Data Loss (major) 4 | . 1 . . . . . 1 1 1 . Misfires 5 | . . . . . . . 1 . 2 2 Alerts 2 | . . . . . . . . 1 1 . Weapon Failures 1 | . . . . . . . . . 1 . Overload Shots . | . . . . . . . . . . . Overflow Damage 163 | . 4 . 38 . . 17 32 . 72 . Projectiles 87 | . 4 . 8 . . 17 16 . 42 . Explosions 46 | . . . 30 . . . 16 . . . Melee 30 | . . . . . . . . . 30 . Knockbacks 29 | . . . 25 . . . . . 4 . Impact . | . . . . . . . . . . . Kinetic 16 | . . . 14 . . . . . 2 . Secondary 13 | . . . 11 . . . . . 2 . Self-Inflicted Damage 200 | . 29 . . . . . 39 54 73 5 Shots 7 | . 1 . . . . . 2 2 1 1 Rammed . | . . . . . . . . . . . Targets Rammed . | . . . . . . . . . . . Kicked . | . . . . . . . . . . . Crushed . | . . . . . . . . . . . Highest Temperature 376 | 6 261 . 376 3 . 288 219 294 251 305 Average Temperature 80 | 6 62 . 100 3 . 94 66 69 51 173 Received Heat Transfer 1942 | . 414 . 363 24 . 153 126 360 475 27 Effects 15 | . . . 6 . . 1 2 6 . . Energy Bleed 4 | . . . 1 . . 1 . 2 . . Interference 11 | . . . 5 . . . 2 4 . . Siege Activations . | . . . . . . . . . . . Robots Corrupted . | . . . . . . . . . . . Combat Hostiles . | . . . . . . . . . . . Parts Fried 1 | . . . 1 . . . . . . . Impact Corruptions 1 | . . . 1 . . . . . . . Robots Melted 3 | . . . 1 . . . 1 1 . . Combat Hostiles 2 | . . . 1 . . . . 1 . . Parts Melted 26 | . . . 7 . . . 5 8 6 . Heat Transferred 12614 | . 445 . 2498 . . 444 2368 4538 2321 . Parts Sabotaged . | . . . . . . . . . . . Parts Stolen . | . . . . . . . . . . . Parts Stripped . | . . . . . . . . . . . Power Chain Reactions . | . . . . . . . . . . . Alert | -11 -10 -10 -9 -9 -9 -8 -8 -8 -8 -8 ------- Run | Yrd Mat Min Mat Min Exi Min Mat Gar Mat Gar Peak Influence 2002 | 20 345 68 528 370 . 125 384 2002 987 569 Initial 975 | . 13 60 26 205 . . 48 122 975 537 Average 509 | 8 162 61 377 326 . 57 193 936 686 541 Maximum Alert Level 5 | . 1 . 2 1 . . 1 5 3 2 Low Security (%) 26 | 100 68 100 12 . . 100 46 6 . . Level 1 27 | . 31 . 33 100 . . 53 12 . . Level 2 22 | . . . 53 . . . . 16 62 100 Level 3 15 | . . . . . . . . 36 37 . Level 4 4 | . . . . . . . . 13 . . Level 5 4 | . . . . . . . . 15 . . High Security . | . . . . . . . . . . . Max Security . | . . . . . . . . . . . Squads Dispatched 15 | . 4 . 3 . . . 2 . 6 . Investigation 5 | . 2 . 1 . . . 1 . 1 . Extermination . | . . . . . . . . . . . Reinforcement 4 | . 2 . 1 . . . 1 . . . Assault 2 | . . . 1 . . . . . 1 . Garrison 4 | . . . . . . . . . 4 . Intercept . | . . . . . . . . . . . Searches Triggered . | . . . . . . . . . . . Construction Impeded 1 | . . . . . . . 1 . . . Haulers Reinforced . | . . . . . . . . . . . Active Scanning Responses . | . . . . . . . . . . . Cargo Convoy Interrupts . | . . . . . . . . . . . Stealth | -11 -10 -10 -9 -9 -9 -8 -8 -8 -8 -8 --------- Run | Yrd Mat Min Mat Min Exi Min Mat Gar Mat Gar Distress Signals 6 | . 1 . 2 1 . . . . 2 . Communications Jammed . | . . . . . . . . . . . Distress Signals . | . . . . . . . . . . . Times Spotted 170 | . 26 8 43 5 . 6 19 35 25 3 Peak Tracking Total 10 | . 5 10 7 3 . 3 4 4 7 2 Tactical Retreats 13 | . 2 . 5 1 . 2 . . 2 1 Traps | -11 -10 -10 -9 -9 -9 -8 -8 -8 -8 -8 ------- Run | Yrd Mat Min Mat Min Exi Min Mat Gar Mat Gar Traps Triggered 6 | . 3 . . . . . 1 2 . . Indirectly . | . . . . . . . . . . . Trap Hack Attempts . | . . . . . . . . . . . Triggered . | . . . . . . . . . . . Disarmed . | . . . . . . . . . . . Reprogrammed . | . . . . . . . . . . . Reused . | . . . . . . . . . . . Traps Extracted . | . . . . . . . . . . . Installed . | . . . . . . . . . . . Triggered . | . . . . . . . . . . . Machines | -11 -10 -10 -9 -9 -9 -8 -8 -8 -8 -8 ---------- Run | Yrd Mat Min Mat Min Exi Min Mat Gar Mat Gar Machines Disabled 12 | . . . 3 . . . 3 4 2 . Max in Single Turn 2 | . . . 1 . . . 1 1 2 . Garrison Relay 4 | . . . . . . . . 4 . . Machines Repaired . | . . . . . . . . . . . Machines Dismantled . | . . . . . . . . . . . Machines Sabotaged . | . . . . . . . . . . . Overloaded Fab Kills . | . . . . . . . . . . . Hacking | -11 -10 -10 -9 -9 -9 -8 -8 -8 -8 -8 --------- Run | Yrd Mat Min Mat Min Exi Min Mat Gar Mat Gar Machines Accessed 36 | . 9 . 11 . 2 . 6 3 5 . Terminals 22 | . 6 . 7 . . . 3 3 3 . Fabricators . | . . . . . . . . . . . Repair Stations 3 | . 1 . 1 . . . 1 . . . Recycling Units 4 | . 2 . 1 . . . . . 1 . Scanalyzers 3 | . . . 2 . . . 1 . . . Garrison Access 2 | . . . . . . . 1 . 1 . Total Hacks 102 | . 20 . 30 . 16 . 15 8 13 . Successful 71 | . 14 . 21 . 16 . 8 2 10 . Failed 31 | . 6 . 9 . . . 7 6 3 . Catastrophic 3 | . 1 . 1 . . . . 1 . . Database Lockouts . | . . . . . . . . . . . Manual 52 | . 13 . 19 . 1 . 9 1 9 . Terminals 59 | . 15 . 19 . . . 8 8 9 . Fabricators . | . . . . . . . . . . . Repair Stations 7 | . 2 . 2 . . . 3 . . . Recycling Units 8 | . 3 . 3 . . . . . 2 . Scanalyzers 7 | . . . 6 . . . 1 . . . Garrison Access 5 | . . . . . . . 3 . 2 . Terminal Hacks 27 | . 4 . 1 . 16 . . 2 4 . Record 15 | . . . . . 15 . . . . . Prototype ID Bank 4 | . 4 . . . . . . . . . Open Door 1 | . . . . . . . . 1 . . Alert Level 2 | . . . . . . . . . 2 . Unreport Threat 2 | . . . . . . . . . 2 . Hauler Manifests 1 | . . . 1 . . . . . . . Garrison Registry 1 | . . . . . . . . 1 . . Derelict Proto ID Bank 1 | . . . . . 1 . . . . . Fabricator Hacks . | . . . . . . . . . . . Repair Station Hacks 6 | . 2 . 2 . . . 2 . . . Scan Component 3 | . 1 . 1 . . . 1 . . . Repair 3 | . 1 . 1 . . . 1 . . . Recycling Unit Hacks 6 | . 3 . 2 . . . . . 1 . Report Inventory 4 | . 2 . 1 . . . . . 1 . Retrieve Components 2 | . 1 . 1 . . . . . . . Scanalyzer 6 | . . . 6 . . . . . . . Insert Component 3 | . . . 3 . . . . . . . Analyze 3 | . . . 3 . . . . . . . Garrison Access Hacks 2 | . . . . . . . 1 . 1 . Unlock Access 2 | . . . . . . . 1 . 1 . Unauthorized Hacks 24 | . 5 . 10 . . . 5 . 4 . Terminals 20 | . 5 . 10 . . . 3 . 2 . Track 3 | . . . 3 . . . . . . . Botnet 16 | . 5 . 6 . . . 3 . 2 . Operators 1 | . . . 1 . . . . . . . Fabricators . | . . . . . . . . . . . Repair Stations . | . . . . . . . . . . . Recycling Units 1 | . . . . . . . . . 1 . Reject 1 | . . . . . . . . . 1 . Scanalyzers . | . . . . . . . . . . . Garrison Access 3 | . . . . . . . 2 . 1 . Reprogram 2 | . . . . . . . 1 . 1 . Watchers 1 | . . . . . . . 1 . . . Data Cores Recovered . | . . . . . . . . . . . Used . | . . . . . . . . . . . Hacking Detections 29 | . 7 . 9 . . . 5 3 5 . Full Trace Events 4 | . 1 . 1 . . . 1 1 . . Feedback Events . | . . . . . . . . . . . Feedback Blocked . | . . . . . . . . . . . Robot Schematics Acquired . | . . . . . . . . . . . Robots Built . | . . . . . . . . . . . Authchips . | . . . . . . . . . . . Time . | . . . . . . . . . . . Total Robot Build Rating . | . . . . . . . . . . . Part Schematics Acquired 3 | . . . 3 . . . . . . . Parts Built . | . . . . . . . . . . . Authchips . | . . . . . . . . . . . Time . | . . . . . . . . . . . Total Part Build Rating . | . . . . . . . . . . . Parts Repaired 3 | . 1 . 1 . . . 1 . . . Time 90 | . 26 . 32 . . . 32 . . . Parts Recycled . | . . . . . . . . . . . Recycled Matter . | . . . . . . . . . . . Retrieved Matter . | . . . . . . . . . . . Retrieved Components 6 | . 3 . 3 . . . . . . . Parts Scanalyzed 3 | . . . 3 . . . . . . . Part Schematics Acquired 3 | . . . 3 . . . . . . . Parts Damaged . | . . . . . . . . . . . Bothacking | -11 -10 -10 -9 -9 -9 -8 -8 -8 -8 -8 ------------ Run | Yrd Mat Min Mat Min Exi Min Mat Gar Mat Gar Used RIF Installer 1 | . . . . . . . . 1 . . Robots Hacked 8 | . . . 2 . . . 4 . 2 . Non-combat 7 | . . . 2 . . . 4 . 1 . Combat 1 | . . . . . . . . . 1 . Robot Hacks Applied 8 | . . . 2 . . . 4 . 2 . no_distress 6 | . . . 2 . . . 4 . . . formatsys_high 2 | . . . . . . . . . 2 . Relay Couplers Released 20 | . . . . . . . . 20 . . Machine Destruction 20 | . . . . . . . . 20 . . Attached 2 | . . . . . . . . . 2 . Fabnet Peak Effective % . | . . . . . . . . . . . Robots Rewired . | . . . . . . . . . . . Allies Hacked . | . . . . . . . . . . . Hacks Repelled . | . . . . . . . . . . . Allies | -11 -10 -10 -9 -9 -9 -8 -8 -8 -8 -8 -------- Run | Yrd Mat Min Mat Min Exi Min Mat Gar Mat Gar Total Allies 4 | . . . . . . . . 1 3 . Largest Group 1 | . . . . . . . . 1 1 1 Highest-Rated Group 39 | . . . . . . . . 39 27 27 Highest-Rated Ally 39 | . . . . . . . . 39 27 27 Total Orders 4 | . . . . . . . . . 1 3 STAY 2 | . . . . . . . . . 1 1 EXPLORE 2 | . . . . . . . . . . 2 Ally Attacks 12 | . . . . . . . . 5 7 . Total Damage 271 | . . . . . . . . 113 158 . Kills 1 | . . . . . . . . . 1 . Allies Corrupted 1 | . . . . . . . . 1 . . Allies Melted . | . . . . . . . . . . . Intel | -11 -10 -10 -9 -9 -9 -8 -8 -8 -8 -8 ------- Run | Yrd Mat Min Mat Min Exi Min Mat Gar Mat Gar Robot Analysis Total . | . . . . . . . . . . . Derelict Logs Recovered . | . . . . . . . . . . . Drone Launches 5 | . . . . . . . . . . 5 Drone Recoveries 3 | . . . . . . . . . . 3 Exploration | -11 -10 -10 -9 -9 -9 -8 -8 -8 -8 -8 ------------- Run | Yrd Mat Min Mat Min Exi Min Mat Gar Mat Gar Turns Passed 9622 | 138 1355 13 1502 341 318 205 1691 2906 1070 83 Spaces Moved 5070 | 67 905 11 874 274 321 145 972 1078 393 30 Core 15 | 15 . . . . . . . . . . Treads 2039 | 52 287 . 62 . . . 230 1078 330 . Legs . | . . . . . . . . . . . Wheels 3016 | . 618 11 812 274 321 145 742 . 63 30 Hover . | . . . . . . . . . . . Flight . | . . . . . . . . . . . Fastest Speed 50 | 50 90 90 90 96 96 96 90 152 113 113 Average Speed 144 | 143 112 90 105 97 96 96 134 229 194 118 Slowest Speed 240 | 160 160 90 160 120 96 96 225 240 240 128 Overloaded Moves . | . . . . . . . . . . . Propulsion Burnouts . | . . . . . . . . . . . Robots Hopped . | . . . . . . . . . . . Cave-ins Triggered . | . . . . . . . . . . . Exploration Rate (%) 42 | 4 96 7 67 51 61 26 46 84 17 5 Regions Visited 10 Branch Regions 4 Pre-discovered Areas 2 | . . 1 . . 1 . . . . . Known Exits Taken 6 | . . 1 . 1 1 1 1 . 1 . Unknown Exits Taken 3 | 1 1 . 1 . . . . . . . Scrap Searched 3 | . . . . 2 . 1 . . . . Spaces Dug 14 | . . . 10 . . . . . 4 . Terrain Destroyed 287 | . 5 8 49 . . . 110 47 65 3 Melee 4 | . . . . . . . . . 4 . Projectile 12 | . . . 1 . . . . . 8 3 AOE 271 | . 5 8 48 . . . 110 47 53 . Terrain Rammed . | . . . . . . . . . . . Walls Destroyed . | . . . . . . . . . . . Machines Disabled . | . . . . . . . . . . . Actions | -11 -10 -10 -9 -9 -9 -8 -8 -8 -8 -8 --------- Run | Yrd Mat Min Mat Min Exi Min Mat Gar Mat Gar Total 6479 | 86 1098 12 1238 320 331 174 1258 1308 592 62 Wait 573 | . 55 . 171 13 6 7 146 63 97 15 Move 5060 | 66 904 10 873 273 320 144 971 1077 392 30 Hop . | . . . . . . . . . . . Pick Up 102 | 3 27 . 21 6 2 2 21 15 5 . Fast Attach 37 | 6 5 . 10 1 . . 6 4 4 1 Attach 36 | 1 4 . 9 1 . . 11 4 6 . Detach 6 | . 1 . . . . . 2 1 2 . Swap 107 | . 6 1 27 3 1 1 27 21 17 3 Drop 81 | . 18 . 17 7 2 1 16 13 7 . Fire 445 | 10 78 1 106 16 . 19 53 98 51 13 Melee 28 | . . . 4 . . . 5 8 11 . Ram . | . . . . . . . . . . . Kick . | . . . . . . . . . . . Crush . | . . . . . . . . . . . Escape Stasis 4 | . . . . . . . . 4 . . Rewire . | . . . . . . . . . . . Trap . | . . . . . . . . . . . Miscellaneous . | . . . . . . . . . . . Route ------- -11/Scrapyard -10/Materials (discovered 4 exits: *Mat x3 / [*Min]) -10/Mines -9/Materials -9/Mines (discovered 3 exits: *Mat x2 / *Exi) -9/Exiles (discovered 2 exits: *Min x2) -8/Mines -8/Materials (discovered 2 exits: [*Fac] / Gar) -8/Garrison (discovered 3 exits: *Mat x3) -8/Materials -8/Garrison History --------- Turn | Location | Event 8 | -11/Scrapyard | Discovered new exit (range 15) 139 | -11/Scrapyard | Entered Materials 154 | -10/Materials | Discovered new exit (range 15) 308 | -10/Materials | Build established: Mutant 708 | -10/Materials | Discovered new exit (range 16) 945 | -10/Materials | Repaired Grenade Launcher 987 | -10/Materials | Identified exit to Materials 1088 | -10/Materials | Discovered exit to Materials (range 16) 1171 | -10/Materials | Discovered exit to Materials (range 13) 1192 | -10/Materials | Core integrity fell below 50% 1494 | -10/Materials | Entered Mines 1494 | -10/Mines | Discovered exit to Materials (range 4) 1495 | -10/Mines | Assembled infested the area 1495 | -10/Mines | Learned location of Storage (-7) 1500 | -10/Mines | Assisted by a Guerilla fighting off Assembled 1507 | -10/Mines | Entered Materials 1507 | -9/Materials | Evolved 2 slots: Propulsion x1, Utility x1 1623 | -9/Materials | Repaired Arm. Wheel 2044 | -9/Materials | Discovered new exit (range 16) 2707 | -9/Materials | First assault squad dispatched 3009 | -9/Materials | Entered Mines 3026 | -9/Mines | Discovered new exit (range 5) 3116 | -9/Mines | Discovered new exit (range 9) 3134 | -9/Mines | Received a Rocket Launcher from a helpful Derelict 3202 | -9/Mines | Identified exit to Materials 3346 | -9/Mines | Deemed a non-threat by the Exiles lab entrance 3346 | -9/Mines | Discovered new exit (range 5) 3349 | -9/Mines | Identified exit to Exiles 3350 | -9/Mines | Entered Exiles 3374 | -9/Exiles | Met 8R-AWN 3400 | -9/Exiles | Discovered new exit (range 14) 3433 | -9/Exiles | Met EX-HEX 3462 | -9/Exiles | Met EX-BIN 3513 | -9/Exiles | Aligned with FarCom system 3514 | -9/Exiles | Given EX-Vault access code 3538 | -9/Exiles | Opened EX-Vault 3545 | -9/Exiles | Found Superbattery 3572 | -9/Exiles | Warned to stay clear of 0b10 Research branches 3585 | -9/Exiles | Exiles lab attacked by MAIN.C 3619 | -9/Exiles | Learned location of Zion (-7) 3658 | -9/Exiles | Discovered new exit (range 11) 3666 | -9/Exiles | Identified exit to Mines 3668 | -9/Exiles | Left Exiles lab with Superbattery 3668 | -9/Exiles | Entered Mines 3709 | -8/Mines | Discovered exit to Materials (range 12) 3873 | -8/Mines | Entered Materials 3873 | -8/Materials | Evolved 2 slots: Utility x2 3883 | -8/Materials | Identified exit to Garrison 3962 | -8/Materials | Repaired Arm. Wheel 4261 | -8/Materials | Build established: Skirmisher 4514 | -8/Materials | Discovered new exit (range 16) 4763 | -8/Materials | Build established: Mutant 5564 | -8/Materials | Entered Garrison 5609 | -8/Garrison | Garrison Relay disabled 5724 | -8/Garrison | Triggered checkpoint 5822 | -8/Garrison | Garrison Relay disabled 5948 | -8/Garrison | Triggered checkpoint 6076 | -8/Garrison | Triggered checkpoint 6138 | -8/Garrison | Triggered checkpoint 6228 | -8/Garrison | Triggered checkpoint 6336 | -8/Garrison | Discovered new exit (range 11) 6450 | -8/Garrison | Triggered checkpoint 6592 | -8/Garrison | Discovered new exit (range 71) 6592 | -8/Garrison | Discovered new exit (range 57) 6592 | -8/Garrison | Discovered new exit (range 15) 7070 | -8/Garrison | Installed Relay Interface Framework 7426 | -8/Garrison | Garrison Relay disabled 7610 | -8/Garrison | Triggered checkpoint 7920 | -8/Garrison | Triggered checkpoint 7952 | -8/Garrison | Triggered checkpoint 8026 | -8/Garrison | Rescued a captive Derelict 8047 | -8/Garrison | Garrison Relay disabled 8340 | -8/Garrison | Build established: Bothacker-Mutant 8470 | -8/Garrison | Entered Materials 8776 | -8/Materials | Identified exit to Garrison 8974 | -8/Materials | Garrison activated, responded to threat 9270 | -8/Materials | First assault squad dispatched 9292 | -8/Materials | Garrison activated, responded to threat 9307 | -8/Materials | Core integrity fell below 50% 9371 | -8/Materials | Core integrity fell below 20% 9388 | -8/Materials | Lost 4 parts (1n1u2w) 9390 | -8/Materials | Destroyed 7 combat bots 9540 | -8/Materials | Entered Garrison 9540 | -8/Garrison | Accompanied by 1 ally 9614 | -8/Garrison | Triggered checkpoint 9623 | -8/Garrison | Destroyed by G-47 Trooper with Particle Gun Last Messages --------------- 09579_ System corrupted: Heat flow error (+293). 09579_ Mini Drone retrieved by Mni. Drone Bay. 09580_ Mini Drone released from Mni. Drone Bay. 09585_ Penetrated by Slug. 09585_ H-55 Commando Carbon-fiber Leg blasted off. 09588_ Penetrated by Slug. 09588_ Lgt. Nuclear Core destroyed. 09589_ Savior 3a destroyed. 09591_ Slug penetrates Wall. 09594_ System corrupted: FCS attempts to trigger Enh. Gauss Cannon. 09594_ System corrupted: Enh. Gauss Cannon misfires. 09594_ Mini Drone destroyed. 09595_ H-55 Commando destroyed. 09597_ Acquired 18 matter. 09602_ Acquired Imp. Ion Engine. 09614_ Beams of light sweep through the air. An alarm sounds. 09614_ System corrupted: FCS attempts to trigger Enh. Gauss Cannon. 09614_ System corrupted: Enh. Gauss Cannon misfires. 09617_ Mini Drone retrieved by Mni. Drone Bay. 09622_ Wheel destroyed. Map ----- +----------------------------------------------------+ | ???????????????????????????????????? | | ???????????????????????????????????? | | ???????????????????????????????????? | | ???????????????????????????????????? | | ???????????????????????????????????? | | ???????????????????????????????????? | | ???????????????????????????????????? | | ???????????????????????????????????? | | ???????????????????????????????????? | | ???????????????????????????????????? | | ???????????????????????????????????? | | ???????????????????????????????????? | | ???????????????????????????????????? | | ???????????????????????????????????? | | ???????????????????????????????????? | | ???????????????????????????????????? | | ???????????????????????????????????? | | ???????????????????????????????????? | | ???????????????????????????????????? | | ?????????????????????????g?????????? | | ???????????????????????????????????? | | ?????????????????????????#?????????? | | ??????????????##???????? ##????????? | | ????????????## #??????? #????????? | | ??????????### ######### #####"#### | | ??????????#@ g % % | | ??????????#* g =% | | ??????????#! !% % % | | ??????????# =!#################### | | ??????????# #????????????????????? | | ??????????#####????????????????????? | | ???????????????????????????????????? | | ???????????????????????????????????? | | ???????????????????????????????????? | | ???????????????????????????????????? | | ???????????????????????????????????? | | ???????????????????????????????????? | | ???????????????????????????????????? | | ???????????????????????????????????? | | ???????????????????????????????????? | | ???????????????????????????????????? | | ???????????????????????????????????? | | ???????????????????????????????????? | | ???????????????????????????????????? | | ???????????????????????????????????? | | ???????????????????????????????????? | | ???????????????????????????????????? | | ???????????????????????????????????? | | ???????????????????????????????????? | | ???????????????????????????????????? | +----------------------------------------------------+ Best States ------------- Heat Dissipation 50 Energy Generation 14 Energy Capacity 280 Matter Stores 300 Matter Capacity 300 Sight Range 16 Terrain Scan Range 16 Terrain Scan Density 85 ECM Strength 1 Armor Coverage 150 Evasion (%) 42 Targeting Accuracy 6 Core Analysis 6 Recoil Reduction 3 Offensive Hacking 14 Relay Coupler Types 2 Relay Coupler Value 21 Item Schematics ----------------- Arm. Wheel | -9/Materials | Scanalyzed Grenade Launcher | -9/Materials | Scanalyzed ECM Suite | -9/Materials | Scanalyzed Robot Schematics ------------------ None Fabricated ------------ Nothing Alien Tech Used ----------------- None Achievements -------------- None Challenges ------------ None Game ------ Seed ComponentAlphaShearcannon Manual? 0 Play Time 02:27:49 Cumulative 216.9 hours Start 2024.12.15 @ 21:54:44 End 2024.12.16 @ 23:26:25 Sessions 3 Manual Loads 0 Difficulty Rogue Special Mode None Game No. 63 Rogue 63 Adventurer 0 Explorer 0 Win Type - Total 0 Types 0/0/0/0/0/0/0/0/0 Lore% 25 Gallery% 54 Achievement% 45 Wizard Run 0 Options --------- Layout 0 ASCII 0 Keyboard 0 Movement Mouse Keybinds 0 Fullscreen 1 Font 36/Smallcaps Map View 76x50 Zoom Use 0% Tactical HUD 1 Map Filters NONE Filters NONE Steam X RUN: ac4e9aed-3b0c-4dba-bf9b-618b96a0d104